WCHLSIM.com - West Coast Hockey League
Dernière mise à jour: 2025-12-07 16:11:59
html PUBLIC "-//W3C//DTD XHTML 1.0 Transitional//EN" "http://www.w3.org/TR/xhtml1/DTD/xhtml1-transitional.dtd"> WCHL - Game 1154 - SAN DIEGO THUNDER vs WINNIPEG BEAVERS

SAN DIEGO THUNDER vs WINNIPEG BEAVERS

Created - 2 avril 2025 at 15:49

Goals
1 2 3 T
SAN DIEGO THUNDER 1 1 0 2
WINNIPEG BEAVERS 3 0 1 4
Shots
1 2 3 T
SAN DIEGO THUNDER 8 6 5 19
WINNIPEG BEAVERS 12 13 13 38

1st period

1. WINNIPEG BEAVERS , Seth Jones 15 (Nikita Kucherov 36, Brayden Schenn 36) at 1:10
2. SAN DIEGO THUNDER , Adam Boqvist 2 (Jake Neighbours 19, Radek Faksa 19) at 7:47
3. WINNIPEG BEAVERS , Nikita Kucherov 39 (Brayden Schenn 37) at 9:43
4. WINNIPEG BEAVERS , Andrew Cogliano 8 (Justin Faulk 24, Nick Cousins 1) at 11:11

Penalties :
Marcus Foligno (WIN) for Tripping (Minor) at 0:21, Jack Johnson (SDG) for Hooking (Minor) at 0:21, Scott Laughton (WIN) for High sticking (Minor) at 5:09, Radek Faksa (SDG) for Roughing (Minor) at 11:12

2nd period

5. SAN DIEGO THUNDER , Dmitri Voronkov 15 (Filip Zadina 9, Charles McAvoy 35) at 5:49

Penalties :
No Penalty

3rd period

6. WINNIPEG BEAVERS , Scott Laughton 11 (Adam Larsson 13, Nikita Kucherov 37) at 15:44 (PP)

Penalties :
Steven Lorentz (SDG) for Roughing (Minor) at 4:07, Brayden Schenn (WIN) for Holding (Minor) at 11:13, Erik Cernak (SDG) for Slashing (Minor) at 11:13, Joel Farabee (SDG) for Tripping (Minor) at 15:18

Goalie Stats

Dustin Tokarski (SDG), 34 saves from 38 shots - (0,895), L, 2-12-2, 60:00 minutes
Logan Thompson (WIN), 17 saves from 19 shots - (0,895), W, 30-28-5, 60:00 minutes

Players Stats for SAN DIEGO THUNDER

Player Name              G  A  P  +/- PIM S  H  SB GA TA FO     MP     PP MP  PK MP  
------------------------------------------------------------------------------------
Adam Boqvist             1  0  1   0  0   1  2  1  0  0  0/0    15:43   0:00   0:22 
Aliaksei Protas          0  0  0   0  0   2  0  0  0  0  2/11   11:47   0:00   0:14 
Brendan Gallagher        0  0  0   0  0   1  1  0  0  0  0/0    22:52   0:28   1:20 
Charles McAvoy           0  1  1   0  0   3  2  4  0  0  0/0    25:08   1:31   2:16 
Derek Forbort            0  0  0   0  0   0  3  1  0  0  0/0    16:34   0:00   0:00 
Dmitri Voronkov          1  0  1  -1  0   3  0  1  0  0  10/29  22:44   1:31   0:13 
Erik Cernak              0  0  0  -1  2   2  4  3  0  0  0/0    21:06   1:31   2:16 
Filip Zadina             0  1  1   0  0   2  1  0  0  0  1/5    15:25   0:00   2:13 
Henry Thrun              0  0  0  -1  0   1  1  2  0  0  0/0    19:31   0:28   2:08 
Jack Johnson             0  0  0  -1  2   1  1  0  0  0  0/0    18:22   0:28   1:46 
Jack St. Ivany           0  0  0   1  0   0  0  0  0  0  0/0     3:34   0:00   0:00 
Jake Neighbours          0  1  1   0  0   1  2  0  0  0  0/0    20:19   0:28   0:00 
Joel Farabee             0  0  0  -1  2   1  0  0  0  0  1/3    23:29   1:31   2:38 
Linus Karlsson           0  0  0   0  0   1  1  0  0  0  0/0    12:00   0:00   0:00 
Marc Staal               0  0  0   0  0   0  0  0  0  0  0/0     0:00   0:00   0:00 
Radek Faksa              0  1  1   0  2   0  2  0  0  0  7/19   21:08   0:28   0:50 
Steven Lorentz           0  0  0   0  2   0  2  0  0  0  0/0    10:24   0:00   0:00 
Viktor Arvidsson         0  0  0   0  0   0  0  0  0  0  1/3    11:27   1:31   1:20 

Players Stats for WINNIPEG BEAVERS

Player Name              G  A  P  +/- PIM S  H  SB GA TA FO     MP     PP MP  PK MP  
------------------------------------------------------------------------------------
Adam Larsson             0  1  1   1  0   0  0  0  0  0  0/0    22:48   2:00   1:35 
Andrew Cogliano          1  0  1   0  0   2  0  0  0  0  2/2     6:14   0:00   0:00 
Andrew Mangiapane        0  0  0   0  0   1  0  0  0  0  1/2    13:32   0:00   0:00 
Brandon Saad             0  0  0  -1  0   0  0  0  0  0  2/2    16:27   1:31   0:00 
Brayden Schenn           0  2  2   2  2   5  2  1  0  0  19/27  20:08   2:53   0:50 
Erik Haula               0  0  0  -1  0   6  1  0  0  0  12/18  19:19   1:31   1:09 
James van Riemsdyk       0  0  0   1  0   2  0  0  0  0  1/3    17:57   1:31   0:00 
Jeremy Lauzon            0  0  0  -1  0   1  3  0  0  0  0/0    16:56   0:00   0:00 
Justin Faulk             0  1  1   2  0   0  1  1  0  0  0/0    24:11   2:24   1:00 
Kevin Shattenkirk        0  0  0   0  0   0  5  1  0  0  0/0    17:54   2:00   0:00 
Marcus Foligno           0  0  0   0  2   4  1  0  0  0  1/1    14:18   0:00   0:50 
Nick Cousins             0  1  1   0  0   0  0  0  0  0  0/0     5:37   0:00   0:00 
Nikita Kucherov          1  2  3   2  0   7  0  0  0  0  0/0    21:51   2:53   1:09 
Scott Laughton           1  0  1  -1  2   3  4  0  0  0  2/4    19:31   2:53   0:00 
Scott Mayfield           0  0  0  -1  0   1  0  0  0  0  0/0    15:02   0:00   0:00 
Sean Kuraly              0  0  0   0  0   0  0  0  0  0  5/8    13:29   0:00   0:00 
Seth Jones               1  0  1   1  0   6  2  1  0  0  0/0    23:09   2:24   1:23 
T.J. Tynan               0  0  0   0  0   0  0  0  0  0  3/3     5:37   0:00   0:00 

3 Stars

1 - Nikita Kucherov (WIN)
2 - Seth Jones (WIN)
3 - Brayden Schenn (WIN)

Power Play

SAN DIEGO THUNDER - 0 on 1 Attempt(s) - 0,00%
WINNIPEG BEAVERS - 1 on 3 Attempt(s) - 33,33%

Penalty Kill

SAN DIEGO THUNDER - 2 on 3 Attempt(s) - 66,67% - Score 0 goal in Penalty Kill
WINNIPEG BEAVERS - 1 on 1 Attempt(s) - 100,00% - Score 0 goal in Penalty Kill

Team Stat

SAN DIEGO THUNDER - Hits : 22 - Faceoff Wins : 22 - Blocked Shots : 12 - Penalty Minutes : 10
WINNIPEG BEAVERS - Hits : 19 - Faceoff Wins : 48 - Blocked Shots : 4 - Penalty Minutes : 6

Official

Referees : Justin St. Pierre and Mitch Dunning
Linesman : Tony Sericolo and Kyle Larson

Game Notes

No Game Note

Finance

Level 1 -- Attendance: 6000 (100,00%) -- Ticket Income 936 000 $
Level 2 -- Attendance: 5000 (100,00%) -- Ticket Income 595 000 $
Level 3 -- Attendance: 2000 (100,00%) -- Ticket Income 190 000 $
Level 4 -- Attendance: 4000 (100,00%) -- Ticket Income 292 000 $
Luxury Box -- Attendance: 799 (79,90%) -- Ticket Income 267 665 $
Total Attendance: 17799 (98,88%)
Total Ticket Income: 2 280 665 $
Other Expense: 22 807 $
Total Income: 2 257 858 $

SAN DIEGO THUNDER

5 vs 5 Forward 
   Center                   Left Wing                Right Wing               Time % Phy DF OF 
 1 Dmitri Voronkov          Joel Farabee             Viktor Arvidsson         36     1   2  2  
 2 Radek Faksa              Jake Neighbours          Brendan Gallagher        31     1   2  2  
 3 Dmitri Voronkov          Filip Zadina             Linus Karlsson           23     1   2  2  
 4 Aliaksei Protas          Steven Lorentz           Joel Farabee             10     1   2  2  

5 vs 5 Defense 
   Defense                  Defense                                           Time % Phy DF OF 
 1 Charles McAvoy           Erik Cernak                                       36     1   2  2  
 2 Jack Johnson             Henry Thrun                                       31     1   2  2  
 3 Derek Forbort            Adam Boqvist                                      23     1   2  2  
 4 Jack St. Ivany           Charles McAvoy                                    10     1   2  2  

PowerPlay Forward 
   Center                   Left Wing                Right Wing               Time % Phy DF OF 
 1 Dmitri Voronkov          Joel Farabee             Viktor Arvidsson         55     1   2  2  
 2 Radek Faksa              Jake Neighbours          Brendan Gallagher        45     1   2  2  

PowerPlay Defense
   Defense                  Defense                                           Time % Phy DF OF 
 1 Charles McAvoy           Erik Cernak                                       55     1   2  2  
 2 Jack Johnson             Henry Thrun                                       45     1   2  2  

Penalty Kill 4 Players Forward 
   Center                   Wing                     Time % Phy DF OF 
 1 Radek Faksa              Joel Farabee             55     1   2  2  
 2 Viktor Arvidsson         Brendan Gallagher        45     1   2  2  

Penalty Kill 4 Players Defense
   Defense                  Defense                  Time % Phy DF OF 
 1 Charles McAvoy           Erik Cernak              55     1   2  2  
 2 Jack Johnson             Henry Thrun              45     1   2  2  

Penalty Kill - 3 Players Forward 
   Forward                                           Time % Phy DF OF 
 1 Viktor Arvidsson                                  55     1   2  2  
 2 Joel Farabee                                      45     1   2  2  

Penalty Kill - 3 Players Defense
   Defense                  Defense                  Time % Phy DF OF 
 1 Charles McAvoy           Erik Cernak              55     1   2  2  
 2 Jack Johnson             Henry Thrun              45     1   2  2  

4 vs 4 Forward 
   Center                   Wing                     Time % Phy DF OF 
 1 Dmitri Voronkov          Joel Farabee             55     1   2  2  
 2 Viktor Arvidsson         Brendan Gallagher        45     1   2  2  

4 vs 4 Defense
   Defense                  Defense                  Time % Phy DF OF 
 1 Charles McAvoy           Erik Cernak              55     1   2  2  
 2 Jack Johnson             Henry Thrun              45     1   2  2  

Last Minutes Offensive
   Center                   Left Wing                Right Wing               Defense                  Defense                  
   Brendan Gallagher        Joel Farabee             Viktor Arvidsson         Charles McAvoy           Erik Cernak              

Last Minutes Defensive
   Center                   Left Wing                Right Wing               Defense                  Defense                  
   Brendan Gallagher        Joel Farabee             Viktor Arvidsson         Charles McAvoy           Erik Cernak              

Goaltenders
Starting : Dustin Tokarski          
Backup : Arvid Soderblom          

Extra Forwards
Normal : Dmitri Voronkov, Aliaksei Protas, Filip Zadina - PP : Dmitri Voronkov, Aliaksei Protas - PK : Filip Zadina
Extra Defensemen
Normal : Derek Forbort, Adam Boqvist, Jack St. Ivany - PP : Derek Forbort - PK : Adam Boqvist, Jack St. Ivany
Penalty Shots
Aliaksei Protas, Joel Farabee, Viktor Arvidsson, Brendan Gallagher, Radek Faksa
Custom OT Lines Forwards
Steven Lorentz, Joel Farabee, Viktor Arvidsson, Brendan Gallagher, Radek Faksa, Jake Neighbours, Dmitri Voronkov, Aliaksei Protas, Filip Zadina, Linus Karlsson
Custom OT Lines Defensemen
Charles McAvoy, Erik Cernak, Jack Johnson, Henry Thrun, Derek Forbort

Scratches
Wyatt Johnston (Exhaustion)

WINNIPEG BEAVERS

5 vs 5 Forward 
   Center                   Left Wing                Right Wing               Time % Phy DF OF 
 1 Brayden Schenn           James van Riemsdyk       Nikita Kucherov          35     0   2  3  
 2 Erik Haula               Scott Laughton           Brandon Saad             31     1   2  2  
 3 Sean Kuraly              Andrew Mangiapane        Marcus Foligno           26     0   4  1  
 4 T.J. Tynan               Andrew Cogliano          Nick Cousins             8      2   3  0  

5 vs 5 Defense 
   Defense                  Defense                                           Time % Phy DF OF 
 1 Seth Jones               Kevin Shattenkirk                                 34     1   2  2  
 2 Adam Larsson             Justin Faulk                                      33     1   2  2  
 3 Jeremy Lauzon            Scott Mayfield                                    27     1   2  2  
 4 Seth Jones               Justin Faulk                                      6      1   2  2  

PowerPlay Forward 
   Center                   Left Wing                Right Wing               Time % Phy DF OF 
 1 Brayden Schenn           Scott Laughton           Nikita Kucherov          54     1   2  2  
 2 Erik Haula               James van Riemsdyk       Brandon Saad             46     1   2  2  

PowerPlay Defense
   Defense                  Defense                                           Time % Phy DF OF 
 1 Justin Faulk             Seth Jones                                        54     1   2  2  
 2 Adam Larsson             Kevin Shattenkirk                                 46     1   2  2  

Penalty Kill 4 Players Forward 
   Center                   Wing                     Time % Phy DF OF 
 1 Brayden Schenn           Marcus Foligno           52     1   2  2  
 2 Erik Haula               Nikita Kucherov          48     1   2  2  

Penalty Kill 4 Players Defense
   Defense                  Defense                  Time % Phy DF OF 
 1 Adam Larsson             Seth Jones               52     1   2  2  
 2 Justin Faulk             Adam Larsson             48     1   2  2  

Penalty Kill - 3 Players Forward 
   Forward                                           Time % Phy DF OF 
 1 Brayden Schenn                                    50     1   2  2  
 2 Erik Haula                                        50     1   2  2  

Penalty Kill - 3 Players Defense
   Defense                  Defense                  Time % Phy DF OF 
 1 Justin Faulk             Seth Jones               50     1   2  2  
 2 Jeremy Lauzon            Adam Larsson             50     1   2  2  

4 vs 4 Forward 
   Center                   Wing                     Time % Phy DF OF 
 1 Brayden Schenn           Nikita Kucherov          55     1   2  2  
 2 Erik Haula               Scott Laughton           45     1   2  2  

4 vs 4 Defense
   Defense                  Defense                  Time % Phy DF OF 
 1 Justin Faulk             Seth Jones               55     1   2  2  
 2 Jeremy Lauzon            Adam Larsson             45     1   2  2  

Last Minutes Offensive
   Center                   Left Wing                Right Wing               Defense                  Defense                  
   Brayden Schenn           Erik Haula               Nikita Kucherov          Seth Jones               Justin Faulk             

Last Minutes Defensive
   Center                   Left Wing                Right Wing               Defense                  Defense                  
   Brayden Schenn           Erik Haula               Nikita Kucherov          Seth Jones               Adam Larsson             

Goaltenders
Starting : Logan Thompson           
Backup : James Reimer             

Extra Forwards
Normal : James van Riemsdyk, Brayden Schenn, Nikita Kucherov - PP : James van Riemsdyk, Nikita Kucherov - PK : Sean Kuraly
Extra Defensemen
Normal : Jeremy Lauzon, Kevin Shattenkirk, Seth Jones - PP : Jeremy Lauzon - PK : Justin Faulk, Seth Jones
Penalty Shots
Brayden Schenn, Nikita Kucherov, James van Riemsdyk, Marcus Foligno, Brandon Saad
Custom OT Lines Forwards
Nikita Kucherov, Brayden Schenn, Erik Haula, James van Riemsdyk, Scott Laughton, Brandon Saad, Andrew Cogliano, Sean Kuraly, Marcus Foligno, Andrew Mangiapane
Custom OT Lines Defensemen
Seth Jones, Justin Faulk, Adam Larsson, Kevin Shattenkirk, Jeremy Lauzon

Scratches
None


% Time on Ice - SAN DIEGO THUNDER

Lines # - Real PCT - Wanted PCT - Time Play
Normal Forward
1 - 15% - 36% - 7:23
2 - 40% - 31% - 19:51
3 - 24% - 23% - 12:00
4 - 21% - 10% - 10:25
Normal Defense
1 - 32% - 36% - 16:07
2 - 29% - 31% - 14:37
3 - 31% - 23% - 15:21
4 - 7% - 10% - 3:34
PP Forward
1 - 76% - 55% - 1:31
2 - 24% - 45% - 0:28
PP Defense
1 - 76% - 55% - 1:31
2 - 24% - 45% - 0:28
PK Forward
1 - 70% - 55% - 3:04
2 - 30% - 45% - 1:20
PK Defense
1 - 52% - 55% - 2:16
2 - 48% - 45% - 2:08
PK3 Forward
1 - 0% - 55%
2 - 0% - 45%
PK3 Defense
1 - 0% - 55%
2 - 0% - 45%
44 Forward
1 - 69% - 55% - 2:45
2 - 31% - 45% - 1:13
44 Defense
1 - 42% - 55% - 1:40
2 - 58% - 45% - 2:18
Last Minute Offensive  - 0:00
Last Minute Defensive  - 0:00
Total
Forward - 60:00
Defense - 60:00

% Time on Ice - WINNIPEG BEAVERS

Lines # - Real PCT - Wanted PCT - Time Play
Normal Forward
1 - 31% - 35% - 15:37
2 - 30% - 31% - 14:56
3 - 27% - 26% - 13:29
4 - 11% - 8% - 5:37
Normal Defense
1 - 32% - 34% - 15:54
2 - 35% - 33% - 17:19
3 - 30% - 27% - 15:02
4 - 3% - 6% - 1:24
PP Forward
1 - 66% - 54% - 2:53
2 - 34% - 46% - 1:31
PP Defense
1 - 55% - 54% - 2:24
2 - 45% - 46% - 2:00
PK Forward
1 - 42% - 52% - 0:50
2 - 58% - 48% - 1:09
PK Defense
1 - 50% - 52% - 0:59
2 - 50% - 48% - 1:00
PK3 Forward
1 - 0% - 50%
2 - 0% - 50%
PK3 Defense
1 - 0% - 50%
2 - 0% - 50%
44 Forward
1 - 57% - 55% - 2:15
2 - 43% - 45% - 1:43
44 Defense
1 - 52% - 55% - 2:04
2 - 48% - 45% - 1:54
Last Minute Offensive  - 0:00
Last Minute Defensive  - 0:00
Total
Forward - 60:00
Defense - 60:00

Play-by-Play

1st period


0:01 of 1st period - Brayden Schenn wins face-off versus Dmitri Voronkov in neutral zone.
0:07 of 1st period - Icing by Erik Cernak.
0:08 of 1st period - Erik Haula wins face-off versus Dmitri Voronkov in SAN DIEGO THUNDER zone.
0:08 of 1st period - Erik Haula is hit by Erik Cernak.
0:16 of 1st period - Shot by Brandon Saad.
0:16 of 1st period - Shot Misses the Net.
0:18 of 1st period - Shot by Scott Laughton.
0:18 of 1st period - Stopped by Dustin Tokarski without a rebound.
0:19 of 1st period - Andrew Mangiapane wins face-off versus Radek Faksa in SAN DIEGO THUNDER zone.
0:21 of 1st period - Minor Penalty to Marcus Foligno for Tripping.
0:21 of 1st period - Minor Penalty to Jack Johnson for Hooking.
0:22 of 1st period - Brayden Schenn wins face-off versus Dmitri Voronkov in SAN DIEGO THUNDER zone.
1:02 of 1st period - Shot by Nikita Kucherov.
1:02 of 1st period - Deflect By Brayden Schenn.
1:02 of 1st period - Shot Misses the Net.
1:04 of 1st period - Shot by Nikita Kucherov.
1:04 of 1st period - Shot Misses the Net.
1:06 of 1st period - Shot by Seth Jones.
1:06 of 1st period - Shot Misses the Net.
1:08 of 1st period - Shot by Seth Jones.
1:08 of 1st period - Shot Misses the Net.
1:10 of 1st period - Shot by Seth Jones.
1:10 of 1st period - Goal by Seth Jones - SAN DIEGO THUNDER : 0 - WINNIPEG BEAVERS : 1.
1:11 of 1st period - Erik Haula wins face-off versus Viktor Arvidsson in neutral zone.
2:32 of 1st period - Shot by Jake Neighbours.
2:32 of 1st period - Shot Blocked by Seth Jones.
2:40 of 1st period - Shot by Jake Neighbours.
2:40 of 1st period - Shot Misses the Net.
2:42 of 1st period - Shot by Henry Thrun.
2:42 of 1st period - Stopped by Logan Thompson without a rebound.
2:43 of 1st period - Brayden Schenn wins face-off versus Aliaksei Protas in WINNIPEG BEAVERS zone.
2:43 of 1st period - Brayden Schenn is hit by Steven Lorentz.
2:55 of 1st period - Shot by Aliaksei Protas.
2:55 of 1st period - Shot Blocked by Justin Faulk.
3:01 of 1st period - Shot by Aliaksei Protas.
3:01 of 1st period - Shot Blocked by Brayden Schenn.
3:27 of 1st period - Shot by Nikita Kucherov.
3:27 of 1st period - Shot Hit the Post.
3:54 of 1st period - Dmitri Voronkov is hit by Jeremy Lauzon and loses puck.
4:54 of 1st period - Shot by Jake Neighbours.
4:54 of 1st period - Shot Misses the Net.
5:09 of 1st period - Minor Penalty to Scott Laughton for High sticking.
5:10 of 1st period - Dmitri Voronkov wins face-off versus Erik Haula in WINNIPEG BEAVERS zone.
5:13 of 1st period - Shot by Charles McAvoy.
5:13 of 1st period - Stopped by Logan Thompson without a rebound.
5:14 of 1st period - Brayden Schenn wins face-off versus Dmitri Voronkov in WINNIPEG BEAVERS zone.
6:00 of 1st period - Shot by Jake Neighbours.
6:00 of 1st period - Stopped by Logan Thompson without a rebound.
6:01 of 1st period - Brayden Schenn wins face-off versus Radek Faksa in WINNIPEG BEAVERS zone.
6:07 of 1st period - Icing by Jake Neighbours.
6:08 of 1st period - Brayden Schenn wins face-off versus Radek Faksa in SAN DIEGO THUNDER zone.
6:13 of 1st period - Shot by Brayden Schenn.
6:13 of 1st period - Deflect By Marcus Foligno.
6:13 of 1st period - Stopped by Dustin Tokarski with a rebound.
6:18 of 1st period - Off-side.
6:19 of 1st period - Brayden Schenn wins face-off versus Dmitri Voronkov in neutral zone.
7:30 of 1st period - Shot by Radek Faksa.
7:30 of 1st period - Shot Misses the Net.
7:45 of 1st period - Shot by Jake Neighbours.
7:45 of 1st period - Shot Misses the Net.
7:47 of 1st period - Shot by Adam Boqvist.
7:47 of 1st period - Goal by Adam Boqvist - SAN DIEGO THUNDER : 1 - WINNIPEG BEAVERS : 1.
7:48 of 1st period - Erik Haula wins face-off versus Aliaksei Protas in neutral zone.
7:58 of 1st period - Shot by Joel Farabee.
7:58 of 1st period - Shot Misses the Net.
8:01 of 1st period - Icing by Seth Jones.
8:02 of 1st period - Erik Haula wins face-off versus Dmitri Voronkov in WINNIPEG BEAVERS zone.
8:14 of 1st period - Charles McAvoy is hit by Kevin Shattenkirk.
8:16 of 1st period - Shot by Filip Zadina.
8:16 of 1st period - Stopped by Logan Thompson with a rebound.
8:34 of 1st period - Charles McAvoy is hit by Erik Haula.
9:13 of 1st period - Shot by Brayden Schenn.
9:13 of 1st period - Stopped by Dustin Tokarski with a rebound.
9:43 of 1st period - Shot by Nikita Kucherov.
9:43 of 1st period - Goal by Nikita Kucherov - SAN DIEGO THUNDER : 1 - WINNIPEG BEAVERS : 2.
9:44 of 1st period - Aliaksei Protas wins face-off versus Andrew Mangiapane in neutral zone.
11:11 of 1st period - Shot by Andrew Cogliano.
11:11 of 1st period - Goal by Andrew Cogliano - SAN DIEGO THUNDER : 1 - WINNIPEG BEAVERS : 3.
11:12 of 1st period - Brayden Schenn wins face-off versus Radek Faksa in neutral zone.
11:12 of 1st period - Minor Penalty to Radek Faksa for Roughing.
11:13 of 1st period - Aliaksei Protas wins face-off versus Scott Laughton in SAN DIEGO THUNDER zone.
11:57 of 1st period - Icing by Seth Jones.
11:58 of 1st period - Brayden Schenn wins face-off versus Filip Zadina in WINNIPEG BEAVERS zone.
12:14 of 1st period - Icing by Justin Faulk.
12:15 of 1st period - Filip Zadina wins face-off versus Brayden Schenn in WINNIPEG BEAVERS zone.
12:15 of 1st period - Charles McAvoy is hit by Seth Jones and loses puck.
12:38 of 1st period - Shot by Filip Zadina.
12:38 of 1st period - Stopped by Logan Thompson without a rebound.
12:39 of 1st period - Erik Haula wins face-off versus Viktor Arvidsson in WINNIPEG BEAVERS zone.
13:04 of 1st period - Shot by Erik Haula.
13:04 of 1st period - Stopped by Dustin Tokarski without a rebound.
13:05 of 1st period - Brayden Schenn wins face-off versus Filip Zadina in SAN DIEGO THUNDER zone.
13:10 of 1st period - Shot by Nikita Kucherov.
13:10 of 1st period - Stopped by Dustin Tokarski without a rebound.
13:11 of 1st period - Erik Haula wins face-off versus Filip Zadina in SAN DIEGO THUNDER zone.
13:13 of 1st period - Brandon Saad is hit by Erik Cernak and loses puck.
13:20 of 1st period - Shot by Sean Kuraly.
13:20 of 1st period - Shot Hit the Post.
13:37 of 1st period - Marcus Foligno is hit by Erik Cernak and loses puck.
13:42 of 1st period - Shot by Andrew Mangiapane.
13:42 of 1st period - Shot Misses the Net.
13:44 of 1st period - Shot by Sean Kuraly.
13:44 of 1st period - Deflect By Andrew Mangiapane.
13:44 of 1st period - Shot Misses the Net.
13:46 of 1st period - Shot by Jeremy Lauzon.
13:46 of 1st period - Stopped by Dustin Tokarski without a rebound.
13:47 of 1st period - Dmitri Voronkov wins face-off versus Brayden Schenn in SAN DIEGO THUNDER zone.
14:00 of 1st period - Shot by Dmitri Voronkov.
14:00 of 1st period - Stopped by Logan Thompson without a rebound.
14:01 of 1st period - Erik Haula wins face-off versus Dmitri Voronkov in WINNIPEG BEAVERS zone.
14:18 of 1st period - Shot by Erik Haula.
14:18 of 1st period - Shot Misses the Net.
14:20 of 1st period - Shot by Brandon Saad.
14:20 of 1st period - Deflect By Scott Laughton.
14:20 of 1st period - Shot Blocked by Adam Boqvist.
14:22 of 1st period - Shot by Erik Haula.
14:22 of 1st period - Stopped by Dustin Tokarski without a rebound.
14:23 of 1st period - Radek Faksa wins face-off versus Brayden Schenn in SAN DIEGO THUNDER zone.
14:54 of 1st period - Shot by Brendan Gallagher.
14:54 of 1st period - Shot Misses the Net.
15:21 of 1st period - Shot by Scott Laughton.
15:21 of 1st period - Deflect By Brandon Saad.
15:21 of 1st period - Shot Blocked by Erik Cernak.
15:23 of 1st period - Shot by Erik Haula.
15:23 of 1st period - Shot Blocked by Erik Cernak.
15:30 of 1st period - Icing by Charles McAvoy.
15:31 of 1st period - Sean Kuraly wins face-off versus Radek Faksa in SAN DIEGO THUNDER zone.
15:34 of 1st period - Shot by Andrew Mangiapane.
15:34 of 1st period - Shot Blocked by Charles McAvoy.
15:40 of 1st period - Shot by Marcus Foligno.
15:40 of 1st period - Shot Misses the Net.
15:42 of 1st period - Shot by Scott Mayfield.
15:42 of 1st period - Shot Misses the Net.
15:44 of 1st period - Shot by Scott Mayfield.
15:44 of 1st period - Stopped by Dustin Tokarski without a rebound.
15:45 of 1st period - Dmitri Voronkov wins face-off versus Erik Haula in SAN DIEGO THUNDER zone.
15:45 of 1st period - Dmitri Voronkov is hit by Scott Laughton.
16:23 of 1st period - Shot by Scott Laughton.
16:23 of 1st period - Stopped by Dustin Tokarski with a rebound.
17:11 of 1st period - Shot by Brayden Schenn.
17:11 of 1st period - Shot Misses the Net.
17:59 of 1st period - Shot by Marcus Foligno.
17:59 of 1st period - Shot Misses the Net.
18:01 of 1st period - Shot by Scott Mayfield.
18:01 of 1st period - Shot Blocked by Derek Forbort.
18:56 of 1st period - Shot by Scott Laughton.
18:56 of 1st period - Shot Misses the Net.
19:50 of 1st period - Shot by Filip Zadina.
19:50 of 1st period - Shot Blocked by Kevin Shattenkirk.
19:52 of 1st period - Shot by Charles McAvoy.
19:52 of 1st period - Stopped by Logan Thompson without a rebound.
19:53 of 1st period - Brayden Schenn wins face-off versus Dmitri Voronkov in WINNIPEG BEAVERS zone.
Goals for this period are 1 for SAN DIEGO THUNDER vs 3 for WINNIPEG BEAVERS.
Shots for this period are 8 for SAN DIEGO THUNDER vs 12 for WINNIPEG BEAVERS.

2nd period


0:01 of 2nd period - Brayden Schenn wins face-off versus Joel Farabee in neutral zone.
1:31 of 2nd period - Shot by Seth Jones.
1:31 of 2nd period - Stopped by Dustin Tokarski without a rebound.
1:32 of 2nd period - Sean Kuraly wins face-off versus Aliaksei Protas in SAN DIEGO THUNDER zone.
1:32 of 2nd period - Andrew Mangiapane is hit by Adam Boqvist and loses puck.
3:41 of 2nd period - Shot by Andrew Cogliano.
3:41 of 2nd period - Stopped by Dustin Tokarski with a rebound.
3:43 of 2nd period - Shot by Adam Larsson.
3:43 of 2nd period - Shot Blocked by Charles McAvoy.
3:47 of 2nd period - Shot by Nick Cousins.
3:47 of 2nd period - Shot Misses the Net.
3:57 of 2nd period - Shot by Nikita Kucherov.
3:57 of 2nd period - Deflect By James van Riemsdyk.
3:57 of 2nd period - Shot Misses the Net.
3:59 of 2nd period - Shot by James van Riemsdyk.
3:59 of 2nd period - Shot Blocked by Dmitri Voronkov.
4:01 of 2nd period - Shot by Brayden Schenn.
4:01 of 2nd period - Shot Misses the Net.
4:03 of 2nd period - Shot by Nikita Kucherov.
4:03 of 2nd period - Shot Blocked by Charles McAvoy.
4:05 of 2nd period - Shot by Nikita Kucherov.
4:05 of 2nd period - Shot Misses the Net.
4:48 of 2nd period - Shot by Sean Kuraly.
4:48 of 2nd period - Shot Misses the Net.
4:50 of 2nd period - Shot by Marcus Foligno.
4:50 of 2nd period - Stopped by Dustin Tokarski without a rebound.
4:51 of 2nd period - Radek Faksa wins face-off versus Erik Haula in SAN DIEGO THUNDER zone.
4:58 of 2nd period - Shot by Brendan Gallagher.
4:58 of 2nd period - Stopped by Logan Thompson without a rebound.
4:59 of 2nd period - Radek Faksa wins face-off versus Erik Haula in WINNIPEG BEAVERS zone.
4:59 of 2nd period - Radek Faksa is hit by Justin Faulk.
5:13 of 2nd period - Shot by Jake Neighbours.
5:13 of 2nd period - Shot Misses the Net.
5:15 of 2nd period - Shot by Jake Neighbours.
5:15 of 2nd period - Shot Misses the Net.
5:17 of 2nd period - Shot by Radek Faksa.
5:17 of 2nd period - Shot Misses the Net.
5:49 of 2nd period - Shot by Filip Zadina.
5:49 of 2nd period - Deflect By Dmitri Voronkov.
5:49 of 2nd period - Goal by Dmitri Voronkov - SAN DIEGO THUNDER : 2 - WINNIPEG BEAVERS : 3.
5:50 of 2nd period - Sean Kuraly wins face-off versus Dmitri Voronkov in neutral zone.
6:17 of 2nd period - Viktor Arvidsson is hit by Kevin Shattenkirk and loses puck.
6:25 of 2nd period - Icing by Seth Jones.
6:26 of 2nd period - Radek Faksa wins face-off versus Sean Kuraly in WINNIPEG BEAVERS zone.
6:32 of 2nd period - Brendan Gallagher is hit by Seth Jones and loses puck.
6:44 of 2nd period - Jake Neighbours is hit by Kevin Shattenkirk and loses puck.
6:53 of 2nd period - Shot by Radek Faksa.
6:53 of 2nd period - Shot Misses the Net.
7:11 of 2nd period - Shot by Aliaksei Protas.
7:11 of 2nd period - Stopped by Logan Thompson with a rebound.
7:13 of 2nd period - Shot by Filip Zadina.
7:13 of 2nd period - Shot Misses the Net.
7:15 of 2nd period - Shot by Jack Johnson.
7:15 of 2nd period - Shot Misses the Net.
7:21 of 2nd period - Shot by Aliaksei Protas.
7:21 of 2nd period - Shot Misses the Net.
7:23 of 2nd period - Shot by Jack Johnson.
7:23 of 2nd period - Stopped by Logan Thompson with a rebound.
8:13 of 2nd period - Shot by Nikita Kucherov.
8:13 of 2nd period - Deflect By Brayden Schenn.
8:13 of 2nd period - Stopped by Dustin Tokarski without a rebound.
8:14 of 2nd period - Brandon Saad wins face-off versus Dmitri Voronkov in SAN DIEGO THUNDER zone.
8:15 of 2nd period - Shot by Scott Laughton.
8:15 of 2nd period - Shot Blocked by Erik Cernak.
8:21 of 2nd period - Shot by Joel Farabee.
8:21 of 2nd period - Stopped by Logan Thompson with a rebound.
10:00 of 2nd period - Shot by Brayden Schenn.
10:00 of 2nd period - Shot Misses the Net.
10:02 of 2nd period - Shot by Nikita Kucherov.
10:02 of 2nd period - Stopped by Dustin Tokarski with a rebound.
10:04 of 2nd period - Shot by Nikita Kucherov.
10:04 of 2nd period - Shot Misses the Net.
10:06 of 2nd period - Shot by Nikita Kucherov.
10:06 of 2nd period - Shot Blocked by Charles McAvoy.
10:08 of 2nd period - Shot by Nikita Kucherov.
10:08 of 2nd period - Stopped by Dustin Tokarski without a rebound.
10:09 of 2nd period - Brayden Schenn wins face-off versus Dmitri Voronkov in SAN DIEGO THUNDER zone.
10:09 of 2nd period - Brayden Schenn is hit by Jack Johnson.
10:11 of 2nd period - Shot by Seth Jones.
10:11 of 2nd period - Stopped by Dustin Tokarski without a rebound.
10:12 of 2nd period - Dmitri Voronkov wins face-off versus Brayden Schenn in SAN DIEGO THUNDER zone.
11:03 of 2nd period - Adam Larsson is hit by Filip Zadina and loses puck.
11:11 of 2nd period - Scott Laughton is hit by Henry Thrun and loses puck.
11:37 of 2nd period - Shot by Brandon Saad.
11:37 of 2nd period - Shot Misses the Net.
11:48 of 2nd period - Icing by Henry Thrun.
11:49 of 2nd period - Sean Kuraly wins face-off versus Dmitri Voronkov in SAN DIEGO THUNDER zone.
11:52 of 2nd period - Shot by Marcus Foligno.
11:52 of 2nd period - Deflect By Andrew Mangiapane.
11:52 of 2nd period - Stopped by Dustin Tokarski with a rebound.
13:06 of 2nd period - Shot by Nikita Kucherov.
13:06 of 2nd period - Stopped by Dustin Tokarski without a rebound.
13:07 of 2nd period - Scott Laughton wins face-off versus Aliaksei Protas in SAN DIEGO THUNDER zone.
13:24 of 2nd period - Icing by Joel Farabee.
13:25 of 2nd period - T.J. Tynan wins face-off versus Aliaksei Protas in SAN DIEGO THUNDER zone.
13:35 of 2nd period - Icing by Aliaksei Protas.
13:36 of 2nd period - James van Riemsdyk wins face-off versus Aliaksei Protas in SAN DIEGO THUNDER zone.
13:46 of 2nd period - Shot by Nikita Kucherov.
13:46 of 2nd period - Stopped by Dustin Tokarski with a rebound.
14:01 of 2nd period - Shot by Nikita Kucherov.
14:01 of 2nd period - Shot Misses the Net.
14:09 of 2nd period - Shot by Brayden Schenn.
14:09 of 2nd period - Stopped by Dustin Tokarski with a rebound.
14:14 of 2nd period - Icing by Adam Boqvist.
14:15 of 2nd period - Brandon Saad wins face-off versus Joel Farabee in SAN DIEGO THUNDER zone.
14:48 of 2nd period - Erik Haula is hit by Charles McAvoy and loses puck.
14:56 of 2nd period - Scott Laughton is hit by Erik Cernak and loses puck.
15:39 of 2nd period - Shot by Andrew Mangiapane.
15:39 of 2nd period - Shot Misses the Net.
16:14 of 2nd period - Shot by Dmitri Voronkov.
16:14 of 2nd period - Shot Misses the Net.
16:22 of 2nd period - Henry Thrun is hit by Brayden Schenn and loses puck.
16:33 of 2nd period - Shot by Brayden Schenn.
16:33 of 2nd period - Stopped by Dustin Tokarski without a rebound.
16:34 of 2nd period - Erik Haula wins face-off versus Dmitri Voronkov in SAN DIEGO THUNDER zone.
17:04 of 2nd period - Icing by Derek Forbort.
17:05 of 2nd period - Dmitri Voronkov wins face-off versus Sean Kuraly in SAN DIEGO THUNDER zone.
17:11 of 2nd period - Joel Farabee is hit by Jeremy Lauzon.
18:21 of 2nd period - Shot by Brayden Schenn.
18:21 of 2nd period - Stopped by Dustin Tokarski without a rebound.
18:22 of 2nd period - Dmitri Voronkov wins face-off versus Brayden Schenn in SAN DIEGO THUNDER zone.
18:29 of 2nd period - Shot by Dmitri Voronkov.
18:29 of 2nd period - Stopped by Logan Thompson without a rebound.
18:30 of 2nd period - Brayden Schenn wins face-off versus Radek Faksa in WINNIPEG BEAVERS zone.
18:35 of 2nd period - Shot by Brayden Schenn.
18:35 of 2nd period - Shot Hit the Post.
18:42 of 2nd period - Jake Neighbours is hit by Kevin Shattenkirk and loses puck.
19:57 of 2nd period - Scott Laughton is hit by Derek Forbort and loses puck.
Goals for this period are 1 for SAN DIEGO THUNDER vs 0 for WINNIPEG BEAVERS.
Shots for this period are 6 for SAN DIEGO THUNDER vs 13 for WINNIPEG BEAVERS.

3rd period


0:01 of 3rd period - Brayden Schenn wins face-off versus Dmitri Voronkov in neutral zone.
0:07 of 3rd period - James van Riemsdyk is hit by Charles McAvoy and loses puck.
0:25 of 3rd period - Joel Farabee is hit by Kevin Shattenkirk and loses puck.
1:10 of 3rd period - Shot by Brandon Saad.
1:10 of 3rd period - Shot Misses the Net.
1:20 of 3rd period - Adam Larsson is hit by Jake Neighbours and loses puck.
1:56 of 3rd period - Shot by Aliaksei Protas.
1:56 of 3rd period - Stopped by Logan Thompson without a rebound.
1:57 of 3rd period - Dmitri Voronkov wins face-off versus Sean Kuraly in WINNIPEG BEAVERS zone.
2:16 of 3rd period - Shot by Filip Zadina.
2:16 of 3rd period - Shot Misses the Net.
3:02 of 3rd period - Shot by Nikita Kucherov.
3:02 of 3rd period - Stopped by Dustin Tokarski with a rebound.
3:04 of 3rd period - Shot by Seth Jones.
3:04 of 3rd period - Stopped by Dustin Tokarski without a rebound.
3:05 of 3rd period - T.J. Tynan wins face-off versus Radek Faksa in SAN DIEGO THUNDER zone.
3:57 of 3rd period - Nikita Kucherov is hit by Brendan Gallagher and loses puck.
4:07 of 3rd period - Minor Penalty to Steven Lorentz for Roughing.
4:08 of 3rd period - Erik Haula wins face-off versus Filip Zadina in SAN DIEGO THUNDER zone.
4:17 of 3rd period - Shot by Erik Haula.
4:17 of 3rd period - Stopped by Dustin Tokarski without a rebound.
4:18 of 3rd period - Radek Faksa wins face-off versus Scott Laughton in SAN DIEGO THUNDER zone.
4:18 of 3rd period - Radek Faksa is hit by Scott Laughton.
5:36 of 3rd period - Shot by James van Riemsdyk.
5:36 of 3rd period - Stopped by Dustin Tokarski with a rebound.
5:38 of 3rd period - Shot by Justin Faulk.
5:38 of 3rd period - Shot Misses the Net.
5:40 of 3rd period - Shot by Erik Haula.
5:40 of 3rd period - Stopped by Dustin Tokarski with a rebound.
5:42 of 3rd period - Shot by Seth Jones.
5:42 of 3rd period - Shot Misses the Net.
5:44 of 3rd period - Shot by Seth Jones.
5:44 of 3rd period - Shot Blocked by Henry Thrun.
5:58 of 3rd period - Shot by Seth Jones.
5:58 of 3rd period - Stopped by Dustin Tokarski without a rebound.
5:59 of 3rd period - Brayden Schenn wins face-off versus Radek Faksa in SAN DIEGO THUNDER zone.
6:09 of 3rd period - Andrew Mangiapane is hit by Adam Boqvist and loses puck.
6:15 of 3rd period - Andrew Mangiapane is hit by Derek Forbort and loses puck.
6:25 of 3rd period - Sean Kuraly is hit by Derek Forbort and loses puck.
7:02 of 3rd period - Andrew Mangiapane is hit by Steven Lorentz and loses puck.
7:43 of 3rd period - Icing by Seth Jones.
7:44 of 3rd period - T.J. Tynan wins face-off versus Radek Faksa in WINNIPEG BEAVERS zone.
8:50 of 3rd period - Dmitri Voronkov is hit by Brayden Schenn and loses puck.
9:01 of 3rd period - Shot by Filip Zadina.
9:01 of 3rd period - Deflect By Linus Karlsson.
9:01 of 3rd period - Stopped by Logan Thompson without a rebound.
9:02 of 3rd period - Joel Farabee wins face-off versus Erik Haula in WINNIPEG BEAVERS zone.
9:17 of 3rd period - Shot by Charles McAvoy.
9:17 of 3rd period - Stopped by Logan Thompson with a rebound.
9:40 of 3rd period - Icing by Jeremy Lauzon.
9:41 of 3rd period - Erik Haula wins face-off versus Radek Faksa in WINNIPEG BEAVERS zone.
9:41 of 3rd period - Erik Haula is hit by Radek Faksa.
10:19 of 3rd period - Brendan Gallagher is hit by Jeremy Lauzon and loses puck.
10:27 of 3rd period - Erik Haula is hit by Radek Faksa and loses puck.
10:52 of 3rd period - Shot by Erik Cernak.
10:52 of 3rd period - Stopped by Logan Thompson without a rebound.
10:53 of 3rd period - Brayden Schenn wins face-off versus Dmitri Voronkov in WINNIPEG BEAVERS zone.
10:53 of 3rd period - Brayden Schenn is hit by Linus Karlsson.
11:13 of 3rd period - Minor Penalty to Brayden Schenn for Holding.
11:13 of 3rd period - Minor Penalty to Erik Cernak for Slashing.
11:14 of 3rd period - Dmitri Voronkov wins face-off versus James van Riemsdyk in SAN DIEGO THUNDER zone.
11:58 of 3rd period - Icing by Henry Thrun.
11:59 of 3rd period - Andrew Cogliano wins face-off versus Dmitri Voronkov in SAN DIEGO THUNDER zone.
12:26 of 3rd period - Shot by Nikita Kucherov.
12:26 of 3rd period - Shot Blocked by Henry Thrun.
13:05 of 3rd period - Shot by Erik Haula.
13:05 of 3rd period - Stopped by Dustin Tokarski without a rebound.
13:06 of 3rd period - Viktor Arvidsson wins face-off versus James van Riemsdyk in SAN DIEGO THUNDER zone.
13:13 of 3rd period - Nikita Kucherov is hit by Jake Neighbours and loses puck.
13:29 of 3rd period - Shot by Radek Faksa.
13:29 of 3rd period - Shot Misses the Net.
13:31 of 3rd period - Shot by Jake Neighbours.
13:31 of 3rd period - Shot Misses the Net.
13:33 of 3rd period - Shot by Erik Cernak.
13:33 of 3rd period - Stopped by Logan Thompson without a rebound.
13:34 of 3rd period - Scott Laughton wins face-off versus Aliaksei Protas in WINNIPEG BEAVERS zone.
14:04 of 3rd period - Aliaksei Protas is hit by Scott Laughton and loses puck.
14:12 of 3rd period - Adam Boqvist is hit by Scott Laughton and loses puck.
14:22 of 3rd period - Icing by Justin Faulk.
14:23 of 3rd period - Radek Faksa wins face-off versus Erik Haula in WINNIPEG BEAVERS zone.
15:18 of 3rd period - Minor Penalty to Joel Farabee for Tripping.
15:19 of 3rd period - Radek Faksa wins face-off versus Brayden Schenn in SAN DIEGO THUNDER zone.
15:42 of 3rd period - Shot by Adam Larsson.
15:42 of 3rd period - Shot Misses the Net.
15:44 of 3rd period - Shot by Scott Laughton.
15:44 of 3rd period - Goal by Scott Laughton - SAN DIEGO THUNDER : 2 - WINNIPEG BEAVERS : 4.
15:45 of 3rd period - Marcus Foligno wins face-off versus Aliaksei Protas in neutral zone.
16:06 of 3rd period - Derek Forbort is hit by Marcus Foligno and loses puck.
16:41 of 3rd period - Off-side.
16:42 of 3rd period - Andrew Cogliano wins face-off versus Dmitri Voronkov in neutral zone.
17:19 of 3rd period - Icing by Charles McAvoy.
17:20 of 3rd period - Dmitri Voronkov wins face-off versus Brayden Schenn in SAN DIEGO THUNDER zone.
17:22 of 3rd period - Icing by Charles McAvoy.
17:23 of 3rd period - Dmitri Voronkov wins face-off versus Brayden Schenn in SAN DIEGO THUNDER zone.
17:36 of 3rd period - Shot by James van Riemsdyk.
17:36 of 3rd period - Stopped by Dustin Tokarski with a rebound.
17:38 of 3rd period - Shot by Brayden Schenn.
17:38 of 3rd period - Shot Misses the Net.
17:40 of 3rd period - Shot by Seth Jones.
17:40 of 3rd period - Stopped by Dustin Tokarski with a rebound.
18:17 of 3rd period - Icing by Jack Johnson.
18:18 of 3rd period - Erik Haula wins face-off versus Radek Faksa in SAN DIEGO THUNDER zone.
18:53 of 3rd period - Icing by Jack Johnson.
18:54 of 3rd period - Sean Kuraly wins face-off versus Radek Faksa in SAN DIEGO THUNDER zone.
18:59 of 3rd period - Shot by Marcus Foligno.
18:59 of 3rd period - Stopped by Dustin Tokarski with a rebound.
19:29 of 3rd period - Shot by Marcus Foligno.
19:29 of 3rd period - Stopped by Dustin Tokarski without a rebound.
19:30 of 3rd period - Brayden Schenn wins face-off versus Dmitri Voronkov in SAN DIEGO THUNDER zone.
19:46 of 3rd period - Icing by Erik Cernak.
19:47 of 3rd period - Erik Haula wins face-off versus Dmitri Voronkov in SAN DIEGO THUNDER zone.
19:56 of 3rd period - Shot by Erik Haula.
19:56 of 3rd period - Stopped by Dustin Tokarski without a rebound.
19:57 of 3rd period - Brayden Schenn wins face-off versus Aliaksei Protas in SAN DIEGO THUNDER zone.
Goals for this period are 0 for SAN DIEGO THUNDER vs 1 for WINNIPEG BEAVERS.
Shots for this period are 5 for SAN DIEGO THUNDER vs 13 for WINNIPEG BEAVERS.


MATTHEW
TKACHUK
TOM
WILSON
JAKE
GUENTZEL